AoeStats
← 拉回就是埋點-taco_clement

Arena

509372799Analyzed
4v4 RM · 5d ago on Sep 26, 2026· 36m 29s· 8 players
Game mode
Random Map
Map size
Large (8 player)
Population
200
Speed
Normal
Resources
Standard
Victory
Conquest
Starting age
Dark Age
Ending age
Imperial Age
RankedLock teamsTeams togetherTeam positionsShared explorationLock speedFull tech treeHidden civsTurbo modeCheats
Victory
Defeat
1286
+11
🇹🇼 Malians · Taiwan
1201
+14
1092
+19
🇹🇼 Varangians · Taiwan
954
+24
🇮🇳 Malians · India
1198
-19
🇨🇳 Danes · China
1155
-17
🇦🇷 Byzantines · Argentina
1152
-17
🇪🇸 Bohemians · Spain
1107
-15
GuGu咕咕
10:47 Feudal Age
11:47 Double-Bit Axe
14:31 Castle Age
13:32 Horse Collar
15:47 Bow Saw
16:24 Wheelbarrow
20:33 Hand Cart
22:11 Gold Mining
22:58 Stone Mining
25:10 Scale Barding Armor
25:16 Forging
26:18 Loom
26:39 Squires
26:24 Arson
26:52 Husbandry
27:21 Chain Barding Armor
29:47 Iron Casting
29:13 Scale Mail Armor
29:44 Heavy Plow
30:30 Gold Shaft Mining
35:12 Imperial Age
32:28 Treadmill Crane
33:38 Chain Mail Armor
35:53 Elite Varangian Guard
37:06 Plate Mail Armor
37:11 Plate Barding Armor
36:49 Logistica
36:59 Conscription
36:11 Pikeman
AquarianAge
11:31 Feudal Age
12:45 Loom
17:31 Castle Age
snek_fan
10:15 Feudal Age
14:00 Castle Age
12:43 Double-Bit Axe
13:59 Horse Collar
19:05 Bow Saw
24:06 Forging
25:19 Scale Mail Armor
青春如此多娇
10:19 Feudal Age
15:03 Castle Age
13:26 Double-Bit Axe
13:23 Horse Collar
26:56 Wheelbarrow
你失智多年的老杯
6:51 Loom
8:43 Feudal Age
10:54 Fletching
13:17 Double-Bit Axe
23:36 Castle Age
21:57 Horse Collar
26:23 Bow Saw
27:21 Gold Mining
28:43 Heavy Plow
31:51 Imperial Age
30:09 Wheelbarrow
31:46 Hand Cart
32:28 Forging
32:18 Scale Mail Armor
33:13 Conscription
33:49 Iron Casting
33:20 Pikeman
34:00 Squires
33:45 Arson
34:18 Chain Mail Armor
34:16 Halberdier
37:12 Blast Furnace
36:42 Plate Mail Armor
35:58 Man-at-Arms
36:24 Gambesons
MT
8:06 Loom
9:54 Feudal Age
14:14 Castle Age
14:09 Double-Bit Axe
14:08 Horse Collar
23:31 Heavy Plow
23:49 Bow Saw
25:55 Gold Mining
31:22 Imperial Age
30:05 Wheelbarrow
29:43 Treadmill Crane
30:57 Scale Barding Armor
31:03 Forging
30:44 Fletching
32:38 Chain Barding Armor
33:32 Hand Cart
33:28 Elite Jarl
35:17 Conscription
35:04 Husbandry
35:14 Bloodlines
35:44 Plate Barding Armor
36:21 Iron Casting
拉回就是埋點-taco_clement
10:31 Feudal Age
14:45 Castle Age
13:07 Double-Bit Axe
13:30 Horse Collar
16:03 Scale Barding Armor
16:09 Forging
17:28 Bow Saw
23:23 Wheelbarrow
22:34 Loom
23:14 Heavy Plow
24:15 Town Watch
24:55 Bloodlines
24:46 Husbandry
27:24 Hand Cart
29:43 Imperial Age
27:25 Gold Mining
27:28 Stone Mining
30:15 Chain Barding Armor
30:31 Iron Casting
30:35 Gold Shaft Mining
30:37 Stone Shaft Mining
31:35 Two-Man Saw
31:09 Crop Rotation
31:33 Ballistics
31:55 Plate Barding Armor
31:44 Conscription
31:15 Cavalier
33:49 Blast Furnace
32:40 Fletching
32:59 Devotion
33:01 Murder Holes
34:07 Chemistry
33:59 Savar
35:43 Town Patrol
36:09 Bodkin Arrow
36:16 Scale Mail Armor
37:04 Citadels
37:34 Hoardings
Python 1.6.21
10:56 Feudal Age
15:03 Castle Age
13:07 Loom
14:34 Double-Bit Axe
14:30 Horse Collar
15:45 Forging
16:15 Bow Saw
26:57 Scale Mail Armor
28:57 Wheelbarrow
29:42 Arson
33:00 Town Watch
35:48 Iron Casting
35:29 Chain Mail Armor
Connection lost

Rejoining the realm…

Still unreachable

The connection could not be restored.

Session expired

The server has moved on; the page needs a fresh start.